Map: Alcyone LE

Players

Subwayeatn - Winner!

  • Race: Zerg Zerg
  • League: Gold
  • Spawn Location: 7:00

Brenzill

  • Race: Zerg Zerg
  • League: Silver
  • Spawn Location: 1:00

VOD

Have the link to the VOD?

Description

Time

  • Played on: Oct. 15, 2023, 6:13 p.m.
  • Length: 16:52
Show
View Real Time Build Order
Export as new Build Order

Subwayeatn Zerg - Winner!

Build Orders: Hatch First, Zergling Baneling 

Get SALT Encoding   

  12  0:00  Drone  
  13  0:12  Overlord  
  13  0:16  Drone  
  14  0:30  Drone x2  
  16  0:48  Hatchery  
  15  0:52  Drone  
  15  0:55  Drone  
  17  1:02  Extractor, Drone  
  17  1:17  Spawning Pool  
  16  1:23  Drone x2  
  18  1:36  Drone  
  18  1:38  Drone  
  20  1:49  Overlord  
  20  2:03  Queen x2  
  24  2:13  Baneling Nest  
  23  2:24  Drone x2  
  23  2:25  Drone x2  
  27  2:37  Overlord  
  27  2:52  Extractor, Drone  
  27  2:53  Drone x2  
  27  2:55  Drone x2  
  27  2:58  Lair  
  31  3:03  Metabolic Boost  
  31  3:25  Zergling x18  
  31  3:26  Zergling x2  
  41  3:40  Zergling x2  
  41  3:41  Zergling x2  
  43  3:44  Baneling x3  
  43  3:45  Baneling x2  
  43  3:56  Centrifugal Hooks  
  43  3:58  Baneling  
  43  3:59  Baneling  
  43  4:00  Zergling x2  
  44  4:10  Overlord  
  43  4:24  Drone x2  
  43  4:27  Overlord  
  43  4:46  Zergling x2  
  43  4:47  Zergling x16  
  43  4:50  Baneling x4  
  43  4:51  Baneling x7  
  52  5:01  Extractor  
  52  5:02  Extractor  
  38  5:44  Zergling x2  
  38  5:45  Zergling x22  
  45  6:03  Drone x2  
  47  6:05  Hatchery  
  47  6:06  Extractor  
  43  6:17  Zergling x16  
  51  6:25  Drone x2  
  39  7:14  Hatchery  
  38  7:16  Extractor  
  38  7:21  Drone x13  
  38  7:22  Spire  
  49  7:23  Queen  
  51  7:33  Overlord  
  51  7:35  Overlord  
  50  7:53  Baneling x8  
  50  7:54  Baneling x3  
  50  7:57  Drone x3  
  53  8:00  Drone  
  53  8:01  Extractor  
  53  8:02  Drone  
  53  8:04  Drone  
  50  8:27  Queen  
  50  8:28  Drone  
  50  8:29  Drone x8  
  61  8:34  Mutalisk  
  61  8:35  Mutalisk  
  65  8:53  Mutalisk x4  
  73  8:59  Zerg Flyer Weapons Level 1  
  73  9:10  Mutalisk  
  73  9:11  Mutalisk x4  
  83  9:27  Drone x5  
  83  9:28  Evolution Chamber  
  83  9:48  Mutalisk x2  
  83  9:52  Overlord x4  
  87  10:12  Mutalisk x13  
  111  10:17  Queen  
  113  10:22  Zerg Melee Weapons Level 1  
  113  10:23  Zergling x8  
  117  10:29  Overlord  
  117  10:30  Overlord  
  115  10:47  Mutalisk x5  
  105  11:12  Zergling x2  
  105  11:13  Zergling x34  
  96  11:44  Drone x2  
  89  11:48  Zerg Flyer Weapons Level 2  
  89  11:55  Mutalisk  
  89  11:56  Mutalisk x7  
  105  12:13  Hatchery  
  104  12:21  Drone x12  
  104  12:22  Drone  
  117  12:37  Pneumatized Carapace  
  117  12:39  Zerg Melee Weapons Level 2  
  111  13:01  Mutalisk  
  111  13:02  Mutalisk x6  
  117  13:26  Zergling x2  
  110  13:27  Zergling x26  
  110  13:29  Queen  
  125  13:43  Hatchery  
  125  13:47  Extractor  
  125  13:48  Drone x6  
  129  13:50  Baneling  
  129  13:51  Baneling x16  
  129  13:52  Baneling x2  
  129  13:57  Baneling x7  
  129  13:58  Baneling  
  129  14:00  Overlord  
  129  14:05  Zerg Flyer Armor Level 1  
  129  14:18  Queen  
  129  14:19  Overlord x4  
  97  14:55  Zerg Ground Armor Level 1  
  97  14:58  Mutalisk x6  
  97  14:59  Mutalisk x3  
  115  15:01  Infestation Pit  
  115  15:02  Zergling x8  
  115  15:03  Zergling x4  
  120  15:08  Drone  
  120  15:09  Drone  
  122  15:17  Zergling x2  
  123  15:27  Zergling x22  
  123  15:28  Zergling x8  
  112  15:50  Zergling x2  
  112  15:51  Zergling x28  
  123  16:02  Queen  
  123  16:03  Drone  
  123  16:04  Drone x2  
  128  16:06  Drone x2  
  128  16:07  Drone x2  
  132  16:13  Baneling  
  132  16:14  Baneling x13  
  132  16:16  Mutalisk  
  134  16:20  Mutalisk  
Show
View Real Time Build Order
Export as new Build Order

Brenzill Zerg 

Build Orders: Pool First 

Get SALT Encoding   

  12  0:00  Drone  
  13  0:08  Drone  
  14  0:17  Overlord  
  14  0:35  Drone x3  
  17  0:45  Spawning Pool  
  16  0:51  Drone  
  17  1:11  Drone, Hatchery  
  17  1:18  Extractor  
  16  1:20  Drone  
  16  1:21  Drone  
  18  1:29  Drone  
  19  1:33  Queen  
  21  1:41  Overlord  
  21  1:52  Zergling x2  
  22  2:06  Drone  
  23  2:09  Queen  
  25  2:29  Drone x3  
  28  2:37  Drone x2  
  28  2:39  Metabolic Boost  
  28  2:42  Zergling x6  
  33  2:57  Overlord  
  33  2:59  Drone x3  
  36  3:09  Roach Warren  
  36  3:11  Drone  
  36  3:23  Overlord x2  
  36  3:43  Evolution Chamber  
  35  3:50  Overlord  
  35  3:51  Drone x6  
  35  3:52  Drone x4  
  35  3:54  Hatchery  
  35  3:55  Zergling x2  
  45  4:00  Lair  
  45  4:10  Zergling x6  
  45  4:14  Zerg Ground Armor Level 1  
  46  4:28  Spine Crawler  
  45  4:38  Queen  
  45  4:52  Zergling x20  
  55  4:59  Zergling x2  
  58  5:00  Roach  
  58  5:03  Overlord x2  
  55  5:21  Zergling x2, Roach  
  46  5:22  Roach x5  
  54  5:35  Roach x2  
  46  5:40  Roach x2  
  42  5:54  Drone x4  
  42  5:55  Drone x2  
  48  6:16  Drone x6  
  54  6:19  Hatchery  
  53  6:34  Roach x2  
  57  6:45  Zerg Melee Weapons Level 1  
  57  6:57  Roach x3  
  43  7:17  Queen  
  45  7:26  Drone  
  45  7:27  Drone x10  
  56  7:33  Queen  
  58  7:42  Drone x3  
  58  7:43  Drone, Overlord  
  62  7:49  Glial Reconstitution  
  62  7:54  Extractor  
  62  7:55  Drone x3  
  62  7:58  Queen  
  66  8:01  Drone  
  66  8:02  Drone x3, Overlord  
  70  8:08  Roach  
  70  8:09  Roach  
  62  8:31  Drone x8  
  70  8:40  Roach  
  70  8:41  Roach  
  74  8:45  Zerg Missile Weapons Level 1  
  74  8:54  Roach x4  
  82  9:02  Evolution Chamber  
  81  9:07  Extractor, Drone x3  
  81  9:08  Overlord x2  
  81  9:09  Roach  
  89  9:10  Roach x2  
  89  9:12  Zergling x6  
  92  9:26  Overlord  
  92  9:27  Drone  
  92  9:30  Drone x3  
  94  9:53  Hydralisk Den  
  94  9:58  Spore Crawler  
  86  10:00  Spore Crawler  
  86  10:02  Spore Crawler  
  86  10:04  Spore Crawler x2  
  86  10:06  Spore Crawler  
  79  10:13  Spore Crawler x3  
  74  10:22  Queen  
  72  10:28  Hydralisk x3  
  72  10:29  Hydralisk x5  
  72  10:35  Extractor  
  87  10:37  Spore Crawler  
  83  10:46  Drone  
  83  10:47  Drone x5  
  83  10:48  Overlord  
  89  10:51  Drone x3  
  85  11:07  Hydralisk  
  85  11:08  Hydralisk x6  
  95  11:34  Hydralisk Den  
  84  11:49  Queen  
  84  11:59  Zerg Ground Armor Level 2  
  84  12:01  Zerg Missile Weapons Level 2  
  84  12:05  Grooved Spines  
  84  12:11  Hydralisk  
  84  12:12  Hydralisk x2  
  90  12:17  Overlord  
  90  12:18  Overlord  
  90  12:21  Overlord x2  
  90  12:24  Pneumatized Carapace  
  90  12:39  Drone x4  
  90  12:40  Overlord x2  
  90  12:41  Hydralisk  
  90  12:42  Hydralisk x4  
  99  13:18  Queen  
  95  13:29  Hydralisk  
  95  13:30  Overlord x2  
  95  13:31  Overlord  
  97  13:43  Overlord x4  
  97  13:44  Overlord  
  97  13:58  Hydralisk x11  
  119  14:06  Muscular Augments  
  119  14:14  Infestation Pit  
  118  14:18  Extractor, Drone  
  118  14:19  Drone x2  
  118  14:20  Overlord x3  
  74  14:50  Hydralisk x6  
  74  14:51  Hydralisk  
  86  14:54  Queen  
  86  14:59  Hive  
  88  15:02  Hydralisk x3  
  94  15:16  Drone x3  
  94  15:17  Drone  
  96  15:33  Hydralisk  
  96  15:34  Hydralisk x7  
  56  15:57  Hydralisk  
  56  15:59  Drone  
  56  16:00  Drone x6  
  63  16:06  Hydralisk  
  65  16:28  Extractor  
Tags
 
Matchup
ZvZ
Race
Zerg
Replay Pack
Multiplayer
Spawn Locations
Cross Positions
Add a new tag
Caveats
  • Supply blocks, unpowered buildings, or Contaminate may cause inaccurate times.
  • Supply counts are checked every 10 seconds.